 Dungeon Crawl Stone Soup version 0.29-a0-925-g0a7a3d12f8 (webtiles) character file.

Game seed: 15605205974630099053

107 Newt the Covered (level 4, 0/37 HPs)
             Began as a Barachi Fighter on July 28, 2022.
             Was a Follower of Cheibriados.
             Slain by Crazy Yiuf
             ... wielding a +4 quarterstaff of chaos
              (11 damage)
             ... on level 3 of the Dungeon.
             The game lasted 00:03:58 (2232 turns).

Newt the Covered (Barachi Fighter)                  Turns: 2232, Time: 00:03:59

Health: 0/37       AC: 12    Str: 21    XL:     4   Next: 86%
Magic:  4/4        EV:  6    Int: 10    God:    Cheibriados [*.....]
Gold:   148        SH:  5    Dex: 14    Spells: 3/3 levels left

rFire   . . .      SeeInvis .   a - +0 long sword
rCold   . . .      Faith    .   c - +0 buckler
rNeg    . . .      Spirit   .   r - +0 plate armour
rPois   .          Reflect  .   (no helmet)
rElec   .          Harm     .   (no cloak)
rCorr   .          Rampage  .   (no gloves)
Will    .....                   (no boots)
Stlth   ..........              (no amulet)
HPRegen 0.12/turn               (no ring)
MPRegen 0.09/turn               (no ring)

@: lethally poisoned (0 -> -2), very slow
A: amphibious, slowness 1, strong legs 1, +LOS
a: Hop, Renounce Religion, Bend Time


You were on level 3 of the Dungeon.
You worshipped Cheibriados.
Cheibriados was aware of your devotion.
You visited 1 branch of the dungeon, and saw 3 of its levels.

You collected 148 gold pieces.

Inventory:

Hand Weapons
 a - a +0 long sword (weapon)
Missiles
 o - a throwing net
Armour
 b - a +0 scale mail
 c - a +0 buckler (worn)
 r - a +0 plate armour (worn)
Scrolls
 e - 2 scrolls of poison {unknown}
 f - 2 scrolls of identify {unknown}
 i - a scroll of brand weapon {unknown}
 j - a scroll of butterflies {unknown}
 n - 2 scrolls of enchant armour {unknown}
 q - a scroll of noise {unknown}
 s - a scroll of torment {unknown}
 u - 2 scrolls of teleportation {unknown}
Potions
 d - a potion of might
 g - a potion of invisibility {unknown}
 h - a potion of cancellation {unknown}
 k - 2 potions of heal wounds {unknown}
 l - 2 potions of haste {unknown}
 m - 3 potions of attraction {unknown}
 p - a potion of curing {unknown}
 t - a potion of lignification {unknown}


   Skills:
 + Level 3.9 Fighting
 + Level 3.9 Long Blades
 + Level 5.0 Armour
 + Level 0.3 Dodging
 + Level 3.7 Shields
 * Level 0.2 Invocations


You had 3 spell levels left.
You didn't know any spells.
Your spell library was empty.

Dungeon Overview and Level Annotations

Branches:
Dungeon (3/15)

Altars:
Cheibriados

Shops:
D:3 [*

Annotations:
D:3 Crazy Yiuf


Innate Abilities, Weirdness & Mutations

You are amphibious.
You cover ground slowly.
You can hop short distances.
You have an extended range of vision and can be seen from far away.


Message History

You hit the ball python.
You kill the ball python!
Cheibriados thoroughly appreciates the change of pace.
The rat bites you but does no damage.
You hit the rat.
You kill the rat!
Cheibriados appreciates the change of pace.
No target in view!
No target in view!
Crazy Yiuf shouts!
You open the door. You slash Crazy Yiuf!
Crazy Yiuf is heavily wounded.
Crazy Yiuf says, "Cake cower pizzabubble!"
Crazy Yiuf hits you with a +4 quarterstaff of chaos.
You are poisoned.
You block Crazy Yiuf's attack.
You slash Crazy Yiuf!
Crazy Yiuf is almost dead.
You feel sick.
Crazy Yiuf hits you with a +4 quarterstaff of chaos.
Cheibriados protects you from inadvertent hurry.
You hit Crazy Yiuf.
Crazy Yiuf is almost dead.
You feel sick.
Crazy Yiuf hits you with a +4 quarterstaff of chaos.
Crazy Yiuf draws strength from your wounds!
You closely miss Crazy Yiuf.
Crazy Yiuf is severely wounded.
You feel sick. Crazy Yiuf barely misses you.
You hit Crazy Yiuf but do no damage.
Crazy Yiuf is severely wounded.
You feel sick.
Crazy Yiuf hits you with a +4 quarterstaff of chaos!
Crazy Yiuf hits you with a +4 quarterstaff of chaos.
You hit Crazy Yiuf.
Crazy Yiuf is severely wounded.
You feel sick.
Crazy Yiuf hits you with a +4 quarterstaff of chaos!
You die...

#..#
#∩##.###.######...##.###.##
#..# #.##.#......#
##.#.....#.##
#..###....#.#.##.#
#.....#.#.##
#...[..###########
###......... ##.###.#
#.#...#.## #.###.#######
#........# #.##......#.###
### ###....#..
#.......PP.#..##...#
##.#...#
####....P.####@g...#
......## ##...P## ###..)#
#......... ###### ###
##.#.##### #.#.# ..#.# #.
#.# .. ...


You could see Crazy Yiuf.

Vanquished Creatures
  Jessica (D:2)
  2 adders
  A worm (D:2)
  2 dart slugs
  4 orcs (D:3)
  3 bats
  5 endoplasms
  5 goblins
  3 hobgoblins
  2 jackals (D:1)
  6 kobolds
  4 quokkas
  5 ball pythons
  2 frilled lizards
  5 rats
50 creatures vanquished.

Notes
Turn   | Place    | Note
-------+----------+-------------------------------------------
     0 | D:1      | Newt the Barachi Fighter began the quest for the Orb.
     0 | D:1      | Reached XP level 1. HP: 18/18 MP: 1/1
   136 | D:1      | Reached skill level 4 in Armour
   281 | D:1      | Reached XP level 2. HP: 24/25 MP: 2/2
   860 | D:2      | Reached XP level 3. HP: 27/30 MP: 3/3
   929 | D:2      | Found a snail-covered altar of Cheibriados.
   947 | D:2      | Became a worshipper of Cheibriados the Contemplative
  1164 | D:2      | Noticed Jessica
  1169 | D:2      | Killed Jessica
  1170 | D:2      | Reached XP level 4. HP: 32/37 MP: 4/4
  1808 | D:2      | Found a faded altar of an unknown god.
  1955 | D:3      | Reached skill level 5 in Armour
  1990 | D:3      | Found Delymnuzo's General Store.
  2009 | D:3      | Reached * piety under Cheibriados
  2104 | D:3      | Found Xiahyin's Antique Armour Emporium.
  2121 | D:3      | Found a runed translucent door.
  2122 | D:3      | Noticed Crazy Yiuf
  2232 | D:3      | Slain by Crazy Yiuf

Illustrated notes

Levels and vault maps discovered:
D:1:      heliophobic_arrival_dark_side_of_the_moon, layout_loops_cross
D:2:      layout_basic, basic_altar, shapermc_ecumenical_altar_petra,
          serial_bayou_pond_b, uniq_jessica
D:3:      layout_loops_ring, slow_altar_1,
          nicolae_uskayaw_murder_on_the_dancefloor, serial_shops,
          nicolae_shop_behind_doors, nicolae_shop_trees, shop, shop,
          nicolae_shop_competitors_out_of_business, st_stairs_13,
          nicolae_titane, uniq_crazy_yiuf_cottage

Skill      XL: |  1  2  3  4 |
---------------+-------------+-----
Armour         | 4 5 |  5.0
Long Blades    | 3 |  3.9
Fighting       | |  3.9
Dodging        | |  0.3
Shields        | |  3.7
Invocations    | |  0.2

Action                   |  1- 3 |  4- 6 || total
-------------------------+-------+-------++-------
Melee: Long sword        |    80 |    83 ||   163
 Abil: Hop               |     1 |     1 ||     2
Armor: Scale mail        |    37 |     6 ||    43
       Plate armour      |       |    40 ||    40
Dodge: Dodged            |    32 |    23 ||    55
Block: Buckler           |    18 |    22 ||    40

Table legend: (Time is in decaauts)
 A = Elapsed time spent in this place.
 B = Non-inter-level travel time spent in this place.
 C = Inter-level travel time spent in this place.
 D = Time resting spent in this place.
 E = Time spent auto-exploring this place.
 F = Levels seen in this place.
 G = Mean time per level.
                   A        B        C        D        E       F      G
               +--------+--------+--------+--------+--------+-----+--------+
         Total |   2819 |   2718 |    101 |      0 |   2275 |   3 |  939.7 |
       Dungeon |   2819 |   2718 |    101 |      0 |   2275 |   3 |  939.7 |
               +--------+--------+--------+--------+--------+-----+--------+

Top non-repeatable levels by time:
     D:2: 1421 daAuts
     D:1: 978 daAuts
     D:3: 419 daAuts
